 Dungeon Crawl Stone Soup version 0.29-a0-82-g837932c90e (webtiles) character file.

Game seed: 11889209003386115766

10861 lordive the Frost Mage (level 11, -9/132 HPs)
             Began as a Naga Ice Elementalist on Feb 4, 2022.
             Was an Elder of Cheibriados.
             Mangled by a boulder beetle (14 damage)
             ... on level 2 of the Lair of Beasts.
             The game lasted 00:22:39 (11877 turns).

lordive the Frost Mage (Naga Ice Elementalist)     Turns: 11877, Time: 00:22:39

Health: -9/132     AC:  8    Str: 18 (20) XL:     11   Next: 68%
Magic:  24/24      EV: 12    Int: 26 (29) God:    Cheibriados [****..]
Gold:   576        SH:  0    Dex: 18 (20) Spells: 15/28 levels left

rFire   + + .      SeeInvis +   E - staff of cold
rCold   + + .      Faith    .   (no shield)
rNeg    . . .      Spirit   .   t - +0 robe {rF+}
rPois   +          Reflect  .   (no helmet)
rElec   .          Harm     .   T - scarf {rC+ rF+}
rCorr   .          Rampage  .   p - +0 pair of gloves
Will    +....                   (no barding)
Stlth   ..........              (no amulet)
HPRegen 1.12/turn               (no ring)
MPRegen 0.19/turn               (no ring)

@: berserking, flying, very slow
A: AC +3, large, see invisible, deformed body, poison resistance, slowness 2,
spit poison 1, naga tail 1, stinger 1, iridescent scales 1, regeneration 1
a: Spit Poison, Renounce Religion, Bend Time, Temporal Distortion, Slouch


You were on level 2 of the Lair of Beasts.
You worshipped Cheibriados.
Cheibriados was greatly pleased with you.
You visited 3 branches of the dungeon, and saw 11 of its levels.

You collected 576 gold pieces.

Inventory:

Hand Weapons
 s - a +1 whip of flaming
Missiles
 I - a throwing net
Armour
 p - a +0 pair of gloves (worn)
 t - a +0 robe of fire resistance (worn)
 P - +0 ice dragon scales
 Q - a +0 leather armour
 T - a scarf of resistance (worn)
Magical Staves
 z - a staff of poison
 E - a staff of cold (weapon)
 G - a staff of death
Jewellery
 H - a +6 ring of strength
 L - a ring of flight
 N - an amulet of guardian spirit
Wands
 q - a wand of acid (5)
 u - a wand of polymorph (7)
 B - a wand of digging (9)
 M - a wand of iceblast (7)
 S - a wand of mindburst (4)
 V - a wand of flame (15)
Scrolls
 d - 9 scrolls of identify
 f - 2 scrolls of amnesia {unknown}
 h - 3 scrolls of magic mapping {unknown}
 j - a scroll of teleportation {unknown}
 o - 2 scrolls of silence {unknown}
 v - 3 scrolls of enchant weapon {unknown}
 w - 2 scrolls of fear {unknown}
 x - a scroll of torment {unknown}
 y - a scroll of noise {unknown}
 C - a scroll of blinking {unknown}
 D - a scroll of summoning {unknown}
 F - a scroll of immolation {unknown}
 J - a scroll of acquirement {unknown}
 K - a scroll of brand weapon {unknown}
 O - a scroll of holy word {unknown}
 R - a scroll of fog {unknown}
 U - a scroll of enchant armour {unknown}
Potions
 a - 3 potions of brilliance
 b - 3 potions of haste
 c - a potion of mutation
 g - 2 potions of curing
 k - 4 potions of degeneration
 l - a potion of cancellation
 m - a potion of flight
 n - 2 potions of berserk rage
 r - 2 potions of heal wounds {unknown}
 A - a potion of attraction {unknown}


   Skills:
 + Level 2.6 Fighting
 - Level 2.2(3.2) Maces & Flails
 * Level 3.4(3.8) Staves
 * Level 3.1 Armour
 + Level 4.4 Dodging
 + Level 4.0 Stealth
 * Level 2.8 Shields
 + Level 9.0 Spellcasting
 * Level 6.5 Conjurations
 + Level 9.4 Ice Magic
 + Level 3.3 Poison Magic
 * Level 4.1 Invocations
 * Level 3.4 Evocations


You had 15 spell levels left.
You knew the following spells:

 Your Spells              Type           Power      Damage    Failure   Level
a - Freeze                Ice            100%       1d11      1%          1
b - Frozen Ramparts       Ice            100%       1d12      1%          3
c - Ozocubu's Armour      Ice            75%        N/A       1%          3
d - Searing Ray           Conj           90%        2d7       1%          2
e - Hailstorm             Conj/Ice       69%        3d14      1%          4

Your spell library contained the following spells:

 Spells                   Type           Power      Damage    Failure   Level
 Magic Dart               Conj           100%       1d8       1%          1
 Summon Small Mammal      Summ           44%        N/A       4%          1
 Fulminant Prism          Conj/Hex       14%        3d9       13%         4
 Call Canine Familiar     Summ           11%        N/A       16%         3
 Summon Guardian Golem    Hex/Summ       11%        N/A       16%         3
 Borgnjor's Revivificati  Necr           5%         N/A       100%        8
 Necromutation            Tmut/Necr      5%         N/A       100%        8
 Death's Door             Necr           5%         N/A       100%        9


Dungeon Overview and Level Annotations

Branches:
Dungeon (8/15)             Temple (1/1) D:4            Lair (2/6) D:8
  Swamp: Lair:2-4    Shoals: Lair:2-4     Snake: Lair:2-4    Spider: Lair:2-4

Altars:
Ashenzari
Cheibriados
Dithmenos
Elyvilon
Fedhas
Gozag
Hepliaklqana
Kikubaaqudgha
Makhleb
Nemelex Xobeh
Okawaru
Qazlal
Ru
Sif Muna
Trog
Vehumet
Wu Jian
Xom
Yredelemnul
Zin
The Shining One


Innate Abilities, Weirdness & Mutations

Your serpentine skin is tough. (AC +3)
You have supernaturally acute eyesight. (SInv)
Armour fits poorly on your strangely shaped body.
Your system is resistant to poisons. (rPois)
You cover ground very slowly.
You can spit poison.
You have a snake-like lower body.
Your tail ends in a venomous barb.
You are partially covered in iridescent scales. (AC +2)
Your natural rate of healing is unusually fast.


Message History

The wall freezes the boulder beetle!
The boulder beetle bites you!!
* * * LOW HITPOINT WARNING * * *
Unknown command.
You barely miss the boulder beetle.
The boulder beetle is severely wounded.
The wall freezes the boulder beetle!
The boulder beetle bites you but does no damage.
Unknown command.
It was a potion of degeneration.
There was something very wrong with that liquid.
You feel weakened.
You feel dopey.
You feel clumsy.
The frozen ramparts melt away.
The water moccasin is no longer moving slowly.
The boulder beetle bites you!!
* * * LOW HITPOINT WARNING * * *
It was a potion of invisibility.
You fade into invisibility!
It was a potion of magic.
Magic courses through your body.
It was a potion of cancellation.
Your magical effects are unravelling.
You feel magically purged.
Your icy armour evaporates.
You flicker back into view.
The boulder beetle closely misses you.
It was a potion of flight.
You feel very buoyant.
You fly up into the air.
The boulder beetle barely misses you.
It was a potion of berserk rage.
A red film seems to cover your vision as you go berserk!
Cheibriados protects you from inadvertent hurry.
You feel mighty! The boulder beetle bites you!
* * * LOW HITPOINT WARNING * * *
You are too berserk!
Unknown command.
You hit the boulder beetle but do no damage.
The boulder beetle is almost dead.
The boulder beetle leaps!
The boulder beetle barely misses you.
You hit the boulder beetle but do no damage.
The boulder beetle is severely wounded.
The boulder beetle bites you!
You die...

..# ..♣ #..# ..♣
#... ..♣♣ #... ...
#..# .B #..# ####
S#### ###†.# ♣♣..♣
♣B†.♣ #....# #♣.♣.♣
♣@♣ #...##
#.♣♣.♣♣♣♣.♣ ##..÷##
#♣♣.♣♣.♣.♣♣ #....P#
♣...♣..♣ #....##
#######.#########
#......
................#
##.....
##.####...#P..###
#...... ##..##..#
##.....>
#..#....####.......


You could see 2 boulder beetles and a water moccasin.

Vanquished Creatures
  3 death yaks (Lair:2)
  Pikel (D:4)
  The ghost of porpoise the Skirmisher, a novice DsWr of Nemelex Xobeh (D:6)
  2 black mambas
  3 cane toads
  A rime drake (Lair:2)
  A komodo dragon (Lair:1)
  2 hornets (D:8)
  Prince Ribbit (D:8)
  4 blink frogs (Lair:2)
  A dream sheep (Lair:2)
  A wyvern (D:8)
  3 yaks
  2 basilisks
  3 water moccasins
  3 orc warriors
  3 sky beasts
  7 black bears
  3 necrophages
  3 ogres
  2 phantoms
  A lemure (D:4)
  A centaur (D:8)
  Blork the orc (D:6)
  4 bullfrogs
  4 scorpions
  A water moccasin skeleton (D:7)
  7 killer bees
  4 wights (D:7)
  A bullfrog zombie (D:4)
  A centaur zombie (D:6)
  A gnoll shaman (D:8)
  A hound (D:6)
  2 centaur skeletons
  A bullfrog skeleton (D:7)
  2 iguanas
  An orc wizard (D:8)
  A howler monkey zombie (D:6)
  9 gnolls
  A howler monkey skeleton (D:6)
  9 adders
  A shadow imp (D:6)
  4 white imps
  A worm (D:2)
  2 dart slugs
  13 orcs
  8 endoplasms
  A giant cockroach (D:1)
  7 hobgoblins
  A quokka (D:2)
  5 ball pythons
  5 bats
  4 frilled lizards
  3 goblins
  8 kobolds
  4 rats
170 creatures vanquished.

Vanquished Creatures (others)
  4 fungi
  A plant (Lair:2)
5 creatures vanquished.

Grand Total: 175 creatures vanquished

Notes
Turn   | Place    | Note
-------+----------+-------------------------------------------
     0 | D:1      | lordive the Naga Ice Elementalist began the quest for the
                  | Orb.
     0 | D:1      | Reached XP level 1. HP: 15/15 MP: 3/3
   321 | D:1      | Reached XP level 2. HP: 18/22 MP: 0/5
   673 | D:1      | Reached XP level 3. HP: 18/28 MP: 3/6
   800 | D:1      | Learned a level 3 spell: Frozen Ramparts
  1617 | D:2      | Reached XP level 4. HP: 33/36 MP: 4/8
  1877 | D:2      | Learned a level 3 spell: Ozocubu's Armour
  1996 | D:3      | Found a faded altar of an unknown god.
  2007 | D:3      | Reached skill level 5 in Ice Magic
  2861 | D:4      | Reached skill level 1 in Conjurations
  2861 | D:4      | Reached XP level 5. HP: 42/42 MP: 4/9
  2902 | D:4      | Found an ornate altar of the Wu Jian Council.
  3096 | D:4      | Noticed a lemure
  3096 | D:4      | Noticed a lemure
  3105 | D:4      | Killed a lemure
  3116 | D:4      | Noticed Pikel
  3166 | D:4      | Noticed a lemure
  3171 | D:4      | Noticed a lemure
  3183 | D:4      | Killed Pikel
  3184 | D:4      | Reached XP level 6. HP: 43/49 MP: 5/13
  3184 | D:4      | Reached XP level 7. HP: 49/55 MP: 5/14
  3262 | D:4      | Found a bloodstained altar of Trog.
  3276 | D:4      | Reached skill level 5 in Spellcasting
  3361 | D:4      | Reached XP level 8. HP: 62/62 MP: 6/16
  3624 | D:4      | Found a staircase to the Ecumenical Temple.
  3702 | Temple   | Entered the Ecumenical Temple
  3711 | Temple   | Became a worshipper of Cheibriados the Contemplative
  4096 | D:5      | Entered Level 5 of the Dungeon
  4551 | D:5      | You fall into a shaft and drop 2 floors!
  4855 | D:7      | Learned a level 2 spell: Searing Ray
  4860 | D:7      | Learned a level 4 spell: Hailstorm
  5233 | D:7      | Reached skill level 1 in Maces & Flails
  5243 | D:6      | Reached * piety under Cheibriados
  5329 | D:6      | Noticed Blork the orc
  5339 | D:6      | Killed Blork the orc
  5340 | D:6      | Reached XP level 9. HP: 57/69 MP: 16/19
  5440 | D:6      | Found an iron altar of Okawaru.
  5445 | D:6      | Reached skill level 1 in Fighting
  5669 | D:6      | Found a large runed translucent door.
  5672 | D:6      | Found a large runed translucent door.
  6319 | D:6      | Found a runed translucent door.
  6323 | D:6      | Noticed porpoise's ghost (novice DsWr)
  6692 | D:6      | Found an ancient bone altar of Kikubaaqudgha.
  6697 | D:6      | Found an opulent altar of Gozag.
  6801 | D:6      | Killed porpoise's ghost
  6802 | D:6      | Reached skill level 5 in Conjurations
  7472 | D:5      | Reached ** piety under Cheibriados
  7476 | D:5      | Reached skill level 1 in Poison Magic
  7751 | D:5      | Reached skill level 1 in Invocations
  7751 | D:5      | Reached XP level 10. HP: 80/80 MP: 11/21
  8061 | D:7      | Reached skill level 1 in Staves
  8232 | D:7      | Reached skill level 1 in Evocations
  8399 | D:7      | Reached skill level 1 in Armour
  9006 | D:8      | Reached skill level 1 in Shields
  9101 | D:8      | Found a staircase to the Lair.
  9192 | D:8      | Reached *** piety under Cheibriados
  9553 | D:8      | Noticed Prince Ribbit
  9578 | D:8      | Killed Prince Ribbit
 10130 | Lair:1   | Entered Level 1 of the Lair of Beasts
 10479 | Lair:1   | Noticed a black mamba
 10494 | Lair:1   | Killed a black mamba
 10506 | Lair:1   | HP: 4/80 [poisoned by a black mamba]
 10511 | Lair:1   | HP: 1/80 [poisoned by a black mamba]
 10902 | Lair:1   | Noticed a cane toad
 10911 | Lair:1   | Killed a cane toad
 11466 | Lair:2   | Noticed a cane toad
 11472 | Lair:2   | Killed a cane toad
 11473 | Lair:2   | Reached XP level 11. HP: 75/86 MP: 14/23
 11580 | Lair:2   | HP: 4/87 [poisoned by a cane toad]
 11581 | Lair:2   | Gained mutation: You are partially covered in iridescent
                  | scales. (AC +2) [potion of mutation]
 11581 | Lair:2   | Gained mutation: Your natural rate of healing is unusually
                  | fast. [potion of mutation]
 11581 | Lair:2   | Gained mutation: Your tail ends in a venomous barb. [potion
                  | of mutation]
 11582 | Lair:2   | HP: 1/87 [poisoned by a cane toad]
 11841 | Lair:2   | Noticed a death yak
 11841 | Lair:2   | Reached **** piety under Cheibriados
 11844 | Lair:2   | Noticed a death yak
 11847 | Lair:2   | Noticed a boulder beetle
 11850 | Lair:2   | Noticed a death yak
 11851 | Lair:2   | Killed a death yak
 11853 | Lair:2   | Killed a death yak
 11855 | Lair:2   | Noticed a boulder beetle
 11863 | Lair:2   | Killed a death yak
 11870 | Lair:2   | HP: 3/88 [boulder beetle (18)]
 11875 | Lair:2   | HP: 3/132 [boulder beetle (9)]
 11877 | Lair:2   | Mangled by a boulder beetle

Illustrated notes

Levels and vault maps discovered:
D:1:      dpeg_arrival_ternary, layout_basic
D:2:      layout_loops_ring
D:3:      layout_basic, dreamdust_ecumenical_altar_grove
D:4:      layout_loops_cross, mainiacjoe_overflow_brackets,
          trog_ov_bears_minmay, minmay_temple_entry_fiery, uniq_pikel
D:5:      layout_loops_corners, chequers_serial_rivers_micro_b
D:6:      layout_loops_ring, jmf_multi_god_temple2, okawaru_gym_becter,
          ebering_ghost_sewer_d, uniq_blork_the_orc
D:7:      layout_loops_ring
D:8:      layout_loops_ring, david_lair_generic, uniq_prince_ribbit1
Temple:   lightli_temple_of_artemis
Lair:1:   layout_gridlike, lemuel_fruit_fields, infiniplex_staircase_pool_2,
          lemuel_fruit_fields
Lair:2:   nzn_winding_woodlands_cross [nzn_winding_woodlands_5x15_jagged,
          nzn_winding_woodlands_5x15_zeroes, nzn_winding_woodlands_5x15_pockets,
          nzn_winding_woodlands_5x15_split_checker,
          nzn_winding_woodlands_15x15_thick_spiral], layout_cellular_growth,
          minmay_shoals_entry_hut, uniq_gastronok

Skill      XL: |  1  2  3  4  5  6  7  8  9 10 11 |
---------------+----------------------------------+-----
Spellcasting   | 3 4 5 6 7 8 9 |  9.0
Ice Magic      | 5 6 7 8 9 |  9.4
Conjurations   | 1 2 3 4 5 6 |  6.5
Dodging        | 2 3 4 |  4.4
Maces & Flails | 1 2 |  2.2
Fighting       | 1 2 |  2.6
Poison Magic   | 1 3 |  3.3
Invocations    | 1 3 4 |  4.1
Staves         | 2 3 |  3.4
Evocations     | 2 3 |  3.4
Armour         | 2 3 |  3.1
Shields        | 2 |  2.8
Stealth        | 4 |  4.0

Action                   |  1- 3 |  4- 6 |  7- 9 | 10-12 || total
-------------------------+-------+-------+-------+-------++-------
Melee: Unarmed           |     7 |     9 |       |       ||    16
       Whip              |       |       |    77 |       ||    77
       Punch             |       |       |     3 |     2 ||     5
       Staff             |       |       |     4 |    21 ||    25
 Cast: Freeze            |    41 |    27 |    17 |    29 ||   114
       Frozen Ramparts   |       |     2 |    32 |    28 ||    62
       Ozocubu's Armour  |       |     2 |    14 |     8 ||    24
       Searing Ray       |       |       |    12 |    14 ||    26
       Hailstorm         |       |       |     1 |       ||     1
 Abil: Spit Poison       |    21 |     7 |     2 |     2 ||    32
Evoke: Wand              |       |       |       |     1 ||     1
  Use: Potion            |       |       |       |     9 ||     9
       Scroll            |       |       |       |     2 ||     2
Armor: Robe              |     5 |    12 |    85 |    52 ||   154
Dodge: Dodged            |    19 |     9 |    88 |    96 ||   212

Table legend: (Time is in decaauts)
 A = Elapsed time spent in this place.
 B = Non-inter-level travel time spent in this place.
 C = Inter-level travel time spent in this place.
 D = Time resting spent in this place.
 E = Time spent auto-exploring this place.
 F = Levels seen in this place.
 G = Mean time per level.
                   A        B        C        D        E       F      G
               +--------+--------+--------+--------+--------+-----+--------+
         Total |  16961 |  15650 |   1311 |   1076 |  12673 |  11 | 1541.9 |
       Dungeon |  14137 |  12935 |   1202 |    638 |  10678 |   8 | 1767.1 |
        Temple |    183 |    164 |     19 |      0 |    149 |   1 |  183.0 |
          Lair |   2640 |   2551 |     89 |    438 |   1844 |   2 | 1320.0 |
               +--------+--------+--------+--------+--------+-----+--------+

Top non-repeatable levels by time:
     D:6: 2602 daAuts
     D:7: 2177 daAuts
  Lair:1: 2062 daAuts
     D:5: 2055 daAuts
     D:8: 1939 daAuts
     D:4: 1665 daAuts
     D:1: 1489 daAuts
     D:2: 1122 daAuts
     D:3: 1085 daAuts
  Lair:2: 578 daAuts
  Temple: 183 daAuts
